Map: King of Braxis Station

Players

MrFercho - Winner!

  • Race: Zerg Zerg
  • Spawn Location: 9:00

tigro - Winner!

  • Race: Terran Terran
  • Spawn Location: 12:00

TATORREA - Winner!

  • Race: Protoss Protoss
  • Spawn Location: 7:00

IA (Élite)

  • Race: Terran Terran
  • Spawn Location: 11:00

IA (Élite)

  • Race: Terran Terran
  • Spawn Location: 6:00

IA (Muy difícil)

  • Race: Zerg Zerg
  • Spawn Location: 5:00

IA (Élite)

  • Race: Protoss Protoss
  • Spawn Location: 3:00

IA (Muy difícil)

  • Race: Terran Terran
  • Spawn Location: 1:00

VOD

Have the link to the VOD?

Description

Time

  • Played on: April 12, 2020, 10 p.m.
  • Length: 41:22
Show
View Real Time Build Order
Export as new Build Order

MrFercho Zerg - Winner!

Build Orders: Pool First 

Get SALT Encoding   

  12  0:08  Drone  
  12  0:13  Overlord  
  13  0:17  Drone  
  14  0:21  Extractor  
  14  0:24  Drone  
  14  0:40  Drone  
  15  0:46  Spawning Pool  
  15  0:47  Drone  
  15  0:53  Drone  
  16  1:03  Drone  
  17  1:13  Drone  
  18  1:27  Hatchery, Drone  
  18  1:36  Zergling x2  
  19  1:46  Queen  
  21  1:49  Drone  
  22  1:57  Overlord  
  22  2:05  Extractor  
  22  2:06  Drone  
  22  2:11  Metabolic Boost  
  22  2:33  Zergling x4  
  24  2:51  Drone x2  
  26  3:02  Lair  
  26  3:04  Roach Warren  
  25  3:10  Drone x4  
  25  3:11  Overlord, Drone  
  30  3:26  Evolution Chamber  
  29  3:29  Drone x3  
  32  3:34  Queen  
  34  3:47  Drone  
  34  3:48  Drone x2  
  37  3:51  Hatchery  
  37  3:54  Roach  
  36  4:45  Zergling x2  
  37  4:46  Zergling x12  
  34  6:00  Drone  
  34  6:01  Drone x2  
  34  6:03  Roach x3  
  43  6:25  Hatchery  
  43  6:28  Hatchery  
  43  6:32  Infestation Pit, Zerg Ground Armor Level 1  
  40  7:15  Spire  
  40  7:20  Drone x4  
  40  7:21  Drone x2  
  45  7:35  Hive  
  45  7:38  Burrow, Pneumatized Carapace  
  45  7:52  Hydralisk Den  
  44  8:01  Drone  
  44  8:02  Drone x13  
  58  8:32  Hatchery  
  57  8:38  Hatchery  
  55  9:06  Spine Crawler  
  54  9:11  Spine Crawler  
  54  9:12  Spine Crawler  
  42  9:41  Hydralisk x5  
  42  10:45  Hatchery  
  42  10:48  Hatchery  
  40  10:50  Hatchery  
  40  10:51  Hatchery  
  40  10:55  Hatchery  
  37  11:02  Glial Reconstitution  
  37  11:07  Grooved Spines  
  37  11:12  Greater Spire  
  37  11:26  Overlord x6  
  37  11:52  Corruptor  
  11  12:18  Muscular Augments  
Show
View Real Time Build Order
Export as new Build Order

tigro Terran - Winner!

Build Orders:  

Get SALT Encoding   

  12  0:03  SCV  
  13  0:15  SCV  
  14  0:23  Supply Depot  
  14  0:27  SCV  
  15  0:34  Refinery  
  15  0:45  SCV  
  16  0:53  Barracks  
  16  0:59  SCV  
  17  1:06  Refinery  
  17  1:11  SCV  
  18  1:23  SCV  
  18  1:25  Supply Depot  
  19  1:35  SCV  
  20  1:43  Marine  
  21  1:51  Barracks  
  21  2:00  Marine  
  22  2:02  Engineering Bay  
  22  2:18  Marine  
  22  2:22  Orbital Command  
  23  2:36  Marine  
  24  2:41  Barracks Tech Lab  
  24  2:49  Factory  
  24  2:54  Marine  
  25  3:01  Marauder  
  27  3:10  Combat Shield  
  27  3:12  Marine  
  28  3:22  Marauder  
  30  3:32  Barracks Tech Lab  
  30  3:36  Factory Tech Lab  
  30  3:40  Missile Turret  
  30  3:56  Marauder, Siege Tank  
  35  4:10  SCV  
  35  4:17  Marine  
  36  4:20  Supply Depot  
  36  4:23  Marine  
  19  4:41  Marine x2  
  20  4:50  Siege Tank  
  23  4:59  Marine  
  21  5:08  Command Center  
  20  5:17  Marine  
  3  5:54  Command Center  
  3  6:01  Marine  
  4  6:19  Marine  
  5  6:36  Marine  
  6  6:43  Concussive Shells  
  6  6:54  Marine  
  7  7:12  Marine, Barracks  
  8  7:26  Stimpack  
  8  7:49  SCV  
  9  8:01  SCV  
  10  8:13  SCV  
  10  8:17  Barracks Tech Lab  
  11  8:25  SCV  
  12  8:37  SCV  
  8  8:49  SCV  
  3  10:11  Command Center  
  3  11:42  SCV  
  4  11:54  SCV  
  5  12:25  Supply Depot  
  6  12:37  SCV  
  6  13:05  SCV  
  7  13:31  SCV  
  8  13:44  Barracks  
  8  14:13  Refinery  
  8  14:34  SCV  
  9  14:39  Marine  
  10  14:56  Marine  
  11  15:11  Barracks  
  11  15:14  Marine  
  12  15:30  SCV  
  12  15:32  Marine  
  14  15:50  Marine  
  14  15:53  SCV  
  16  16:08  Marine  
  16  16:09  Barracks Tech Lab  
  17  16:19  Supply Depot  
  17  16:32  Marauder  
  19  16:47  Barracks Tech Lab  
  19  16:53  Marine  
  20  17:12  Engineering Bay  
  20  17:14  Marine  
  21  17:19  SCV  
  22  18:18  Marauder  
  24  18:26  Orbital Command  
  24  18:28  Factory  
  24  18:39  Marine  
  24  18:40  Marine  
  26  18:52  SCV  
  27  18:57  Marine  
  27  19:00  Marine  
  29  19:04  SCV  
  30  19:14  Marine  
  30  19:15  Terran Infantry Weapons Level 1  
  31  19:25  Factory Tech Lab  
  31  19:48  Supply Depot  
  31  20:09  Marine x2  
  31  20:10  Siege Tank  
  31  20:13  Armory  
  36  20:16  SCV  
  37  20:28  Marauder  
  39  21:02  Marine  
  39  21:03  SCV  
  41  21:09  Terran Infantry Armor Level 1  
  41  21:16  Missile Turret  
  41  21:19  Marine  
  42  21:37  Marine  
  43  21:41  Marauder  
  45  21:55  Marauder  
  45  21:58  Terran Vehicle Weapons Level 1  
  47  22:11  Supply Depot  
  47  22:19  Marauder, Thor  
  55  22:44  Starport  
  55  23:03  Neosteel Armor  
  55  23:24  Medivac  
  57  23:27  Missile Turret  
  57  23:49  Missile Turret  
  57  24:06  Starport Tech Lab  
  57  24:22  Fusion Core  
  57  24:43  Hi-Sec Auto Tracking  
  57  25:20  Missile Turret  
  57  25:36  Battlecruiser  
  57  25:40  Terran Infantry Weapons Level 2  
  63  25:58  SCV  
  63  26:03  Missile Turret  
  64  26:11  SCV  
  65  26:30  Weapon Refit  
  65  26:34  Terran Vehicle Weapons Level 2  
  65  26:37  Supply Depot  
  65  26:39  Infernal Pre-Igniter  
  65  26:40  Battlecruiser  
  65  26:43  Corvid Reactor  
  71  27:22  Missile Turret  
  71  27:44  Battlecruiser  
  71  27:49  Starport  
  77  27:55  Terran Infantry Armor Level 2  
  77  27:58  Mag-Field Accelerator  
  77  28:03  Hyperflight Rotors  
  77  28:10  Rapid Reignition System  
  77  28:29  Starport Tech Lab  
  77  28:46  Command Center  
  77  28:49  Battlecruiser  
  77  28:50  Terran Ship Weapons Level 1  
  83  29:07  Advanced Ballistics  
  83  29:20  Battlecruiser  
  89  29:37  Drilling Claws  
  89  29:53  Battlecruiser  
  95  30:02  Planetary Fortress  
  95  30:17  SCV  
  96  30:25  Battlecruiser  
  102  30:29  SCV  
  102  30:34  Supply Depot  
  103  30:36  Command Center  
  103  30:41  SCV  
  104  30:44  Terran Vehicle And Ship Armor Level 1  
  104  30:56  Smart Servos  
  104  30:57  Medivac  
  106  31:30  Battlecruiser  
  106  31:31  Missile Turret  
  112  31:39  Marauder  
  114  31:51  Refinery  
  114  32:21  Battlecruiser  
  114  32:22  Missile Turret  
  120  32:36  Marine  
  121  32:39  Marine  
  121  32:43  Factory  
  122  32:53  Marine  
  122  32:57  Marine  
  118  33:11  Marine  
  119  33:15  Marine  
  120  33:29  Marine  
  120  33:32  Marine  
  122  33:47  Marine  
  123  33:50  Marine  
  122  34:55  Battlecruiser  
  122  34:58  Battlecruiser  
  134  35:05  SCV  
  135  35:18  SCV  
  135  35:19  Marine  
  137  35:22  Marine  
  138  35:30  SCV  
  139  35:37  Marine  
  139  35:40  Marine  
  141  36:09  Supply Depot  
  141  36:31  Battlecruiser, Hellbat  
  149  37:27  Marine x2  
  148  37:44  Marine  
  149  38:19  Supply Depot  
  149  38:31  Marine x2  
  149  38:32  Battlecruiser  
  165  38:41  Battlecruiser, Hellbat  
  165  39:14  Marine  
  135  40:50  Marine x2  
Show
View Real Time Build Order
Export as new Build Order

TATORREA Protoss - Winner!

Build Orders: Carriers 

Get SALT Encoding   

  12  0:04  Probe (Chrono Boost)  
  13  0:16  Probe (Chrono Boost)  
  14  0:25  Probe (Chrono Boost)  
  15  0:32  Assimilator  
  15  0:41  Pylon  
  15  0:52  Pylon  
  15  0:57  Assimilator  
  15  0:59  Probe  
  16  1:11  Probe, Forge  
  17  1:17  Gateway  
  17  1:41  Pylon  
  17  1:45  Pylon  
  17  1:54  Probe (Chrono Boost)  
  18  2:00  Probe (Chrono Boost)  
  19  2:05  Photon Cannon  
  19  2:08  Probe  
  19  2:09  Photon Cannon  
  19  2:15  Photon Cannon  
  20  2:23  Zealot  
  22  2:47  Probe (Chrono Boost)  
  22  2:50  Zealot  
  25  2:52  Probe (Chrono Boost)  
  26  3:18  Zealot  
  28  3:29  Photon Cannon  
  28  3:33  Photon Cannon  
  28  3:36  Photon Cannon  
  28  3:43  Photon Cannon  
  28  3:45  Zealot  
  30  4:12  Zealot  
  30  4:13  Cybernetics Core  
  32  4:39  Zealot  
  34  5:02  Shield Battery  
  34  5:06  Zealot  
  36  5:07  Stargate  
  36  5:14  Robotics Facility  
  36  5:33  Zealot  
  38  6:19  Zealot  
  40  6:40  Pylon  
  40  6:47  Zealot  
  42  6:48  Pylon  
  42  6:56  Fleet Beacon  
  42  7:14  Zealot  
  44  7:41  Zealot  
  46  7:44  Photon Cannon  
  46  7:47  Photon Cannon  
  46  7:51  Photon Cannon  
  46  7:59  Photon Cannon  
  46  8:04  Photon Cannon  
  46  8:08  Zealot  
  48  8:20  Photon Cannon  
  48  8:32  Carrier  
  42  9:36  Tempest  
  33  9:51  Zealot  
  35  10:18  Zealot  
  35  10:19  Tempest  
  35  10:20  Immortal  
  46  10:45  Zealot  
  48  10:59  Immortal  
  48  11:02  Carrier  
  58  11:12  Zealot  
  60  11:39  Zealot  
  60  12:45  Carrier  
  51  13:44  Zealot  
  53  13:49  Carrier  
  59  14:12  Sentry  
  61  14:38  Zealot  
  63  15:13  Pylon  
  63  15:18  Pylon  
  63  15:23  Pylon  
  63  15:28  Pylon  
  63  15:31  Stalker, Carrier  
  71  15:35  Pylon  
  71  15:42  Pylon  
  71  16:01  Stalker  
  73  16:12  Pylon  
  73  16:21  Pylon  
  73  16:31  Zealot  
  75  16:36  Carrier  
  81  16:58  Zealot  
  83  17:25  Zealot  
  85  17:40  Carrier  
  91  17:53  Zealot  
  92  18:20  Zealot  
  72  18:44  Carrier  
  72  18:47  Zealot  
  65  19:48  Carrier  
  27  20:12  Zealot  
  29  20:22  Immortal  
  33  20:39  Zealot  
  35  20:53  Carrier  
  41  21:01  Immortal  
  45  21:06  Zealot  
  47  21:34  Zealot  
  49  21:40  Immortal  
  53  21:57  Carrier  
  53  22:01  Zealot  
  61  22:14  Probe (Chrono Boost)  
  62  22:20  Immortal  
  62  22:22  Probe (Chrono Boost)  
  67  22:28  Probe (Chrono Boost), Zealot  
  70  22:55  Zealot  
  72  22:59  Immortal, Pylon  
  72  23:01  Carrier  
  82  23:09  Pylon  
  82  23:14  Pylon  
  82  23:20  Pylon  
  82  23:22  Stalker  
  84  23:38  Immortal  
  1  24:59  Nexus  
Show
View Real Time Build Order
Export as new Build Order

IA (Élite) Terran 

Build Orders:  

Get SALT Encoding   

  12  0:01  SCV  
  13  0:13  SCV  
  14  0:19  Supply Depot  
  14  0:25  SCV  
  15  0:40  SCV  
  16  0:42  Barracks  
  16  0:44  Refinery  
  16  0:53  SCV  
  17  1:01  Barracks  
  17  1:05  SCV  
  18  1:17  SCV  
  19  1:29  Marine  
  19  1:32  Orbital Command  
  20  1:41  Barracks  
  20  1:47  Marine x2  
  22  1:58  Supply Depot  
  22  1:59  SCV  
  23  2:05  Barracks Tech Lab  
  23  2:07  Barracks Tech Lab  
  23  2:20  SCV  
  24  2:23  Marine  
  24  2:25  Marine  
  24  2:26  Stimpack  
  24  2:27  Concussive Shells  
  24  2:28  Marine  
  27  2:36  Supply Depot  
  27  2:41  Marine  
  27  2:42  Marine  
  29  2:44  SCV  
  29  2:46  Marine  
  31  2:59  Marauder  
  31  3:01  Marauder  
  31  3:04  Marine  
  36  3:06  Supply Depot  
  36  3:18  Combat Shield  
  36  3:19  SCV  
  37  3:20  Marine  
  37  3:21  Marine  
  39  3:27  Marine  
  39  3:29  Supply Depot  
  40  3:38  Marine  
  40  3:39  Refinery  
  41  3:41  SCV  
  41  3:45  Marauder  
  44  3:53  SCV  
  45  3:56  Marauder  
  47  4:02  Supply Depot  
  47  4:05  SCV  
  47  4:07  Marauder  
  50  4:17  SCV  
  50  4:18  Marauder  
  52  4:28  Marauder  
  52  4:29  SCV  
  54  4:32  Factory  
  54  4:39  Marauder  
  56  4:49  Engineering Bay  
  56  4:58  Engineering Bay  
  56  4:59  Marine  
  57  5:03  Supply Depot  
  57  5:07  Marine  
  58  5:15  Hellion  
  58  5:17  Terran Infantry Weapons Level 1  
  60  5:24  Terran Infantry Armor Level 1  
  60  5:29  Supply Depot  
  60  5:31  Barracks Reactor  
  60  5:33  Marauder  
  58  5:37  Hellion  
  58  5:39  Marauder  
  61  5:54  Marauder  
  61  5:55  Starport  
  63  5:58  Hellion  
  63  5:59  Marine  
  66  6:06  Marine  
  66  6:07  Marine  
  68  6:16  Marauder  
  70  6:20  Barracks  
  70  6:23  Supply Depot  
  70  6:25  Marauder  
  72  6:31  Medivac  
  74  6:37  Marauder  
  74  6:38  Marine  
  77  6:45  Marine  
  78  6:48  Supply Depot  
  78  6:49  Marine  
  79  6:56  Marine  
  80  7:02  Starport Reactor  
  80  7:07  Marauder  
  82  7:13  Supply Depot  
  82  7:14  Marauder  
  84  7:28  Marauder  
  86  7:38  Viking, Medivac  
  90  7:52  Armory  
  90  8:10  Missile Turret  
  90  8:26  Medivac  
  92  8:29  Supply Depot  
  92  8:38  Missile Turret  
  92  8:40  Terran Infantry Weapons Level 2  
  90  8:45  Medivac  
  92  8:58  Viking  
  92  9:02  Missile Turret  
  93  9:11  SCV  
  93  9:15  Viking  
  96  9:27  Marauder  
  96  9:28  Marauder  
  100  9:33  Supply Depot  
  100  9:37  Viking  
  102  9:45  SCV  
  102  10:01  Marine  
  102  10:02  Marine  
  102  10:03  Marine  
  102  10:05  Marine  
  102  10:06  Marine  
  55  10:19  Marauder  
  55  10:20  Marine  
  58  10:21  Marine  
  58  10:22  Marine  
  58  10:24  Marine, Factory Tech Lab  
  59  10:38  Marauder  
  59  10:39  Marine  
  59  10:40  Marine  
  59  10:41  Marauder  
  59  10:42  Marine  
  66  10:46  Siege Tank  
  69  11:00  SCV, Marauder  
  69  11:02  Marauder  
  72  11:18  Siege Tank  
  74  11:21  Marauder  
  74  11:24  Factory  
  76  11:44  Marauder  
  78  11:49  Marauder  
  78  11:50  Siege Tank  
  83  12:07  Hellion  
  85  12:16  Marauder  
  85  12:21  Marauder  
  85  12:22  Siege Tank  
  92  12:29  Hellion  
  94  12:41  Terran Vehicle Weapons Level 1  
  94  12:50  Hellion  
  96  12:54  Hellion  
  98  13:11  Hellion  
  100  13:16  Hellion  
  100  13:19  Armory  
  102  13:39  Factory  
  102  13:40  Factory Tech Lab  
  102  14:02  Siege Tank  
  105  14:06  Terran Vehicle And Ship Armor Level 1  
  105  14:26  Siege Tank  
  105  14:30  Supply Depot  
  108  14:44  Infernal Pre-Igniter  
  108  14:52  Hellion  
  110  15:30  Terran Infantry Weapons Level 3  
  110  15:34  Hellion  
  110  15:35  SCV  
  112  16:04  Terran Vehicle Weapons Level 2  
  112  16:26  Viking  
  112  16:29  SCV  
  112  16:30  Viking  
  112  16:31  Supply Depot  
  116  16:53  Hellion  
  118  16:56  Viking  
  120  17:01  Supply Depot  
  120  17:08  Siege Tank  
  123  17:22  Marine  
  119  17:23  Hellion  
  119  17:24  Hellion  
  123  17:30  Viking  
  123  17:33  Supply Depot  
  123  17:35  Viking  
  127  17:40  Hellion  
  129  18:00  Viking, Marine x2  
  129  18:01  Marine  
  129  18:02  Marine  
  129  18:04  Marine  
  129  18:05  Viking, Supply Depot  
  138  18:17  Marine, Barracks  
  139  18:22  Marauder  
  137  18:29  Viking  
  137  18:31  Missile Turret  
  137  18:33  Marine  
  119  18:34  Marine  
  119  18:35  Marine  
  119  18:36  Marauder  
  114  18:43  Marine  
  115  18:49  Viking  
  115  18:51  Marine  
  115  18:52  Marine  
  115  18:53  Marine  
  120  18:57  Marauder  
  120  19:01  Marine  
  123  19:03  Viking  
  123  19:04  Marine  
  123  19:09  Marine  
  115  19:10  Marine  
  115  19:11  Marine  
  105  19:18  Marine  
  105  19:19  Viking, Marauder  
  105  19:21  Marine  
  97  19:27  Marine x2  
  97  19:29  Marine  
  80  19:36  Marauder  
  69  19:40  Marine  
  69  19:42  Marine  
  69  19:45  Marine  
  72  19:46  Marine  
  72  19:47  Marine  
  72  19:50  Siege Tank  
  77  19:58  Marauder, Marine  
  80  20:02  Marine  
  80  20:05  Marine  
  80  20:06  Marine x2  
  84  20:08  Viking  
  86  20:16  Marine  
  86  20:19  Marauder  
  86  20:20  Marine  
  90  20:23  Marine  
  90  20:26  Viking  
  93  20:34  Marauder  
  95  20:40  Viking  
  97  20:56  Viking  
  99  21:10  Viking  
  101  21:30  Siege Tank  
  104  21:54  Marauder x2  
  108  22:03  Siege Tank  
  111  22:26  Siege Tank  
  114  22:46  Marauder x2  
  114  22:49  SCV  
  118  23:03  Viking  
  120  23:07  Marauder  
  120  23:08  Marauder  
  124  23:29  Marauder x2  
  128  23:44  Siege Tank  
  131  23:50  Marauder x2  
  135  24:11  Marauder  
  135  24:16  Terran Infantry Armor Level 2  
  137  24:27  SCV  
  137  24:28  Marauder  
  139  24:39  Terran Ship Weapons Level 1  
  139  24:57  Medivac  
  141  25:03  Supply Depot  
  141  25:11  Hellion  
  141  25:12  Hellion x2  
  147  25:31  Supply Depot  
  147  25:32  Hellion  
  147  25:33  Siege Tank  
  147  25:34  Hellion  
  154  25:54  Hellion  
  154  25:56  Hellion  
  158  25:59  Supply Depot  
  158  26:05  Hellion  
  158  26:07  Terran Vehicle Weapons Level 3  
  160  26:15  Hellion  
  162  26:21  Hellion  
  162  26:22  SCV  
  162  26:23  Supply Depot  
  164  27:43  Medivac  
  166  27:49  Supply Depot  
  166  28:07  Siege Tank  
  169  28:31  Siege Tank  
  172  28:35  Supply Depot  
  172  29:05  Liberator  
  172  29:09  SCV  
  175  29:26  Liberator  
  176  29:53  Liberator  
  176  29:59  Hellion  
  171  30:01  Hellion  
  171  30:12  Medivac  
  171  31:30  Terran Vehicle And Ship Armor Level 2  
  171  32:20  Marine, Widow Mine  
  171  32:21  Marine, Widow Mine  
  171  32:22  Marine, Widow Mine  
  180  32:37  Marine  
  180  32:39  Medivac  
  180  32:40  SCV  
  180  32:42  Widow Mine  
  185  32:55  Marauder  
  185  32:58  Viking  
  177  33:16  SCV  
  173  33:25  Supply Depot  
  173  33:28  Supply Depot  
  166  33:34  Supply Depot  
  166  33:40  Barracks Reactor  
  144  34:15  Barracks  
Show
View Real Time Build Order
Export as new Build Order

IA (Élite) Terran 

Build Orders:  

Get SALT Encoding   

  12  0:01  SCV  
  13  0:13  SCV  
  14  0:18  Supply Depot  
  14  0:25  SCV  
  15  0:40  SCV  
  16  0:48  Barracks  
  16  0:52  SCV  
  16  0:56  Refinery  
  17  1:04  SCV  
  18  1:12  Supply Depot  
  18  1:16  SCV  
  19  1:29  SCV  
  20  1:34  Marine  
  21  1:41  SCV  
  22  1:52  Marine  
  22  1:53  SCV, Barracks  
  24  1:57  Refinery  
  24  2:07  Supply Depot, Orbital Command  
  24  2:10  Marine  
  25  2:28  Marine  
  26  2:32  SCV  
  27  2:39  Marine  
  28  2:44  SCV  
  29  2:55  Command Center  
  29  3:06  SCV  
  29  3:07  Factory  
  29  3:10  Marine  
  29  3:11  Marine  
  32  3:18  SCV  
  33  3:28  Marine  
  33  3:29  Marine  
  33  3:30  SCV  
  36  3:40  Barracks  
  36  3:43  SCV  
  36  3:46  Barracks Tech Lab  
  36  3:48  Barracks Tech Lab  
  37  3:55  SCV  
  38  3:58  Starport, Factory Tech Lab  
  38  4:07  SCV x2  
  40  4:10  Marine  
  40  4:13  Marine  
  42  4:18  Stimpack  
  42  4:19  SCV x2  
  42  4:22  Combat Shield  
  44  4:28  Supply Depot  
  44  4:30  Marine  
  44  4:31  SCV x2  
  47  4:33  Marine  
  48  4:41  Medivac  
  48  4:43  SCV x2, Marine  
  53  4:49  Marine  
  53  4:52  Marine  
  55  4:55  SCV, Orbital Command  
  56  5:03  Supply Depot  
  56  5:07  SCV  
  56  5:08  Marauder  
  56  5:10  Marauder  
  61  5:27  Engineering Bay  
  61  5:29  Marauder  
  61  5:33  Supply Depot  
  63  5:36  Marauder  
  65  5:47  Barracks Reactor, Engineering Bay  
  65  5:51  Marauder  
  65  5:52  Siege Tank  
  65  5:54  Terran Infantry Weapons Level 1  
  70  5:59  Supply Depot, Marauder  
  72  6:12  Marauder, Terran Infantry Armor Level 1  
  74  6:21  Starport Reactor, Marauder, Barracks  
  74  6:22  Concussive Shells  
  74  6:24  Siege Tank  
  79  6:27  Supply Depot  
  79  6:33  Marauder  
  81  6:42  Marauder  
  83  6:50  Supply Depot  
  83  6:56  Siege Tank  
  86  7:10  Missile Turret  
  86  7:27  Medivac  
  86  7:28  Siege Tank  
  91  7:32  Marauder, Missile Turret  
  91  7:35  Supply Depot  
  92  7:38  Marauder  
  94  7:52  Missile Turret  
  94  8:01  Siege Tank  
  94  8:03  Barracks  
  97  8:24  Marauder  
  97  8:26  Supply Depot  
  99  8:29  Marauder  
  101  8:47  Armory  
  101  9:24  Siege Tank  
  104  9:33  Terran Infantry Weapons Level 2  
  104  9:43  Terran Vehicle Weapons Level 1  
  104  9:56  Command Center  
  104  9:59  Marauder  
  105  10:00  Marauder  
  105  10:03  Marine  
  105  10:04  Marine  
  105  10:05  Marine  
  105  10:06  Marine  
  90  10:11  Supply Depot  
  89  10:19  Viking, Marine  
  92  10:21  Marine  
  92  10:22  Marauder, Marine  
  92  10:23  Marine  
  92  10:24  Marine  
  98  10:38  Viking, Marauder  
  98  10:39  Marine  
  103  10:43  Marauder  
  100  10:59  Marauder  
  100  11:04  Marauder  
  87  11:18  Marine  
  87  11:19  Marine  
  87  11:20  Marine  
  87  11:21  Marauder, Marine  
  87  11:25  Siege Tank  
  93  11:26  Marauder  
  95  11:42  Marauder  
  97  11:47  Marauder  
  102  12:01  Siege Tank  
  102  12:03  Marauder  
  104  12:08  Marauder  
  106  12:16  Supply Depot  
  106  12:22  Marine  
  95  12:23  Marine x2  
  95  12:24  Marine  
  95  12:25  Marauder  
  95  12:29  Marine  
  87  12:40  Marine x2  
  87  12:41  Marine  
  87  12:42  Marine  
  78  12:46  Marauder  
  78  12:48  Marauder  
  58  12:58  Marine x2  
  43  12:59  Marine x2  
  43  13:02  Siege Tank  
  46  13:07  Marine  
  46  13:09  Marauder  
  43  13:15  Marine  
  43  13:16  Marine  
  43  13:17  Marine x2  
  38  13:22  SCV  
  38  13:23  SCV  
  38  13:25  Marine  
  35  13:30  Marine  
  35  13:33  Marine  
  31  13:34  SCV, Hellion, Marine x2  
  31  13:35  SCV, Missile Turret, Marine  
  25  13:43  Marauder  
  25  13:46  SCV  
  25  13:47  SCV  
  25  13:48  Marine  
  27  13:51  Marine  
  27  13:52  Marine x2  
  27  13:53  Marine  
  28  13:55  Hellion  
  28  13:59  SCV  
  22  14:04  Marauder  
  22  14:06  Marauder  
  22  14:09  Marine x2  
  22  14:11  SCV, Marine  
  17  14:17  Hellion  
  17  14:23  SCV  
  15  14:26  Marauder  
  14  14:35  SCV  
  14  14:38  Hellion  
  11  14:47  SCV  
  10  14:59  SCV, Hellion  
  11  15:12  SCV  
  8  15:24  SCV  
Show
View Real Time Build Order
Export as new Build Order

IA (Muy difícil) Zerg 

Build Orders: 1 Base Baneling Bust, Pool First 

Get SALT Encoding   

  12  0:01  Drone  
  13  0:12  Overlord  
  13  0:18  Drone  
  14  0:30  Drone x2  
  16  0:43  Spawning Pool  
  16  0:46  Drone  
  16  0:50  Drone  
  17  1:18  Extractor  
  16  1:29  Queen  
  16  1:30  Zergling x2, Drone  
  16  1:31  Zergling x2  
  21  1:41  Drone  
  22  1:49  Extractor  
  22  1:51  Drone  
  22  2:03  Overlord  
  22  2:17  Lair  
  22  2:21  Drone  
  23  2:23  Drone  
  24  2:34  Drone  
  24  2:36  Drone x3  
  28  2:46  Drone  
  29  2:57  Drone  
  30  3:08  Overlord  
  30  3:18  Spire  
  30  3:19  Drone  
  30  3:26  Drone  
  30  3:27  Queen, Drone  
  31  3:30  Drone  
  34  3:39  Drone x3  
  37  3:42  Overlord  
  37  3:53  Overlord  
  37  4:17  Overlord  
  37  4:31  Mutalisk  
  37  4:32  Mutalisk x2  
  37  4:35  Mutalisk  
  45  4:40  Zergling x2, Mutalisk  
  45  4:43  Roach Warren  
  47  4:46  Hydralisk Den  
  47  4:50  Zergling x2  
  47  5:04  Evolution Chamber  
  46  5:18  Hydralisk x2  
  50  5:25  Roach x2  
  50  5:26  Overlord, Roach  
  56  5:38  Roach x2  
  60  5:44  Roach  
  62  5:59  Overlord  
  62  6:01  Infestation Pit  
  61  6:23  Roach  
  63  6:27  Roach  
  63  6:31  Evolution Chamber  
  63  6:32  Roach  
  66  6:33  Drone  
  66  6:36  Zergling x2, Overlord  
  66  6:37  Roach  
  66  6:38  Zergling x2  
  71  6:45  Baneling Nest  
  71  6:46  Drone  
  71  6:57  Zergling x2  
  72  7:03  Zergling x2  
  72  7:04  Zergling x4  
  75  7:08  Overlord  
  75  7:12  Overseer  
  75  7:20  Zergling x2  
  76  7:26  Evolution Chamber  
  75  7:30  Drone, Baneling  
  75  7:31  Baneling  
  75  7:32  Zergling x2  
  75  7:33  Zergling x2, Baneling  
  75  7:34  Zergling x2, Baneling  
  75  7:35  Baneling x2  
  75  7:37  Baneling x2  
  78  7:38  Baneling  
  78  7:42  Zergling x2  
  78  7:43  Baneling  
  79  7:47  Baneling  
  79  7:51  Baneling  
  79  7:53  Zergling x2  
  79  7:56  Baneling  
  80  8:00  Infestor  
  80  8:01  Zergling x2, Overlord  
  84  8:05  Zergling x2  
  84  8:23  Infestor  
  86  8:28  Zergling x2, Baneling  
  86  8:33  Roach  
  89  8:38  Overlord, Roach  
  91  8:51  Ravager  
  92  9:05  Ravager  
  93  9:10  Roach  
  93  9:14  Roach  
  97  9:23  Hydralisk  
  97  9:24  Overlord  
  99  9:26  Hatchery  
  99  9:28  Drone  
  99  9:30  Roach  
  101  9:33  Roach  
  101  9:37  Roach  
  105  9:43  Overlord  
  105  9:47  Zergling x2, Baneling  
  106  9:54  Hydralisk  
  108  10:18  Infestor  
  110  10:46  Hatchery  
  110  10:47  Infestor  
  110  10:48  Drone  
  112  11:02  Hydralisk  
  113  11:13  Spine Crawler  
  113  11:16  Drone  
  113  11:24  Centrifical Hooks  
  113  11:39  Queen  
  115  11:43  Metabolic Boost  
  115  11:47  Queen  
  115  11:48  Overlord  
  117  12:01  Corruptor  
  117  12:06  Hatchery  
  117  12:07  Drone  
  119  12:20  Corruptor  
  121  12:37  Zergling x2  
  121  12:38  Zergling x2  
  121  12:39  Zergling x2  
  121  12:40  Zergling x2  
  121  12:42  Zergling x2  
  100  12:44  Zergling x2  
  100  12:46  Zergling x2  
  100  12:48  Zergling x2, Hive  
  82  12:52  Zergling x2  
  74  12:58  Spine Crawler  
  74  13:00  Drone  
  65  13:44  Spine Crawler  
  65  13:47  Drone  
  63  13:49  Roach  
  63  13:53  Roach  
  65  13:57  Roach  
  65  14:00  Greater Spire  
  65  14:02  Roach  
  69  14:11  Hydralisk  
  69  14:15  Zergling x2  
  71  14:17  Baneling  
  71  14:21  Baneling  
  71  14:24  Spore Crawler  
  71  14:25  Drone  
  66  14:35  Baneling  
  66  14:36  Baneling  
  66  14:37  Zergling x2  
  62  14:38  Hydralisk  
  62  14:39  Zergling x2  
  62  14:42  Zergling x2  
  62  14:43  Zergling x2  
  64  14:45  Zergling x2  
  64  14:52  Spore Crawler  
  63  14:55  Drone  
  63  14:57  Baneling  
  63  14:58  Zergling x2  
  63  14:59  Zergling x2, Baneling  
  65  15:00  Zergling x2, Baneling  
  65  15:03  Hydralisk  
  64  15:10  Hydralisk  
  66  15:21  Spore Crawler  
  66  15:22  Drone  
  66  15:28  Roach x2  
  70  15:29  Roach  
  70  15:30  Roach  
  70  15:35  Roach  
  76  15:39  Roach  
  74  16:15  Mutalisk  
  74  16:17  Spore Crawler  
  75  16:19  Drone  
  76  16:34  Mutalisk  
  78  16:40  Roach  
  78  16:44  Roach  
  82  16:49  Roach  
  85  17:01  Zergling x2  
  85  17:03  Zergling x2  
  85  17:06  Mutalisk  
  88  17:09  Zergling x2  
  88  17:12  Zergling x2, Roach  
  92  17:16  Roach  
  92  17:17  Zergling x4  
  92  17:18  Zergling x4  
  92  17:19  Zergling x2  
  92  17:20  Zergling x2, Hydralisk  
  92  17:21  Hydralisk  
  70  17:27  Zergling x2, Corruptor, Baneling  
  69  17:41  Zergling x2  
  69  17:43  Zergling x2  
  69  17:48  Hydralisk  
  71  17:56  Roach  
  71  17:58  Roach  
  68  18:06  Hydralisk  
  70  18:15  Brood Lord  
  72  18:22  Overseer  
  72  18:34  Corruptor  
  74  18:51  Corruptor  
  76  19:06  Zergling x2  
  77  19:31  Ultralisk Cavern  
  76  19:32  Drone  
  77  20:10  Baneling  
  77  20:16  Zergling x2, Baneling  
  77  20:20  Baneling  
  84  20:21  Ultralisk  
  84  20:57  Ultralisk  
  84  21:02  Zergling x2, Baneling  
  91  21:06  Baneling  
  91  21:11  Zergling x2, Baneling  
  92  21:15  Baneling  
  92  21:19  Baneling  
  92  21:20  Zergling x2  
  92  21:24  Baneling  
  93  21:30  Zergling x2, Baneling  
  94  21:34  Baneling  
  94  21:38  Baneling  
  94  21:39  Zergling x2  
  95  21:43  Zergling x2, Baneling  
  95  21:47  Baneling  
  95  21:52  Zergling x2, Baneling  
  96  21:56  Baneling  
  96  22:01  Zergling x2, Baneling  
  96  22:07  Baneling  
  97  22:09  Zergling x2  
  97  22:11  Baneling  
  98  22:28  Mutalisk  
  100  22:47  Mutalisk  
  102  22:52  Roach  
  104  23:09  Mutalisk  
  106  23:28  Mutalisk  
  108  23:46  Mutalisk  
  110  24:05  Mutalisk  
  112  24:23  Mutalisk  
  114  24:50  Zergling x2  
  114  25:00  Ultralisk  
  120  25:25  Roach  
  120  25:26  Roach  
  124  25:47  Ultralisk, Overlord  
  130  26:00  Zergling x2, Roach x2  
  130  26:01  Roach  
  136  26:06  Overlord  
  136  26:20  Mutalisk  
  138  26:46  Infestor  
  140  27:14  Overlord, Infestor  
  142  27:23  Spine Crawler  
  142  27:24  Drone  
  142  27:42  Infestor  
  144  28:06  Spore Crawler  
  144  28:07  Drone  
  144  28:08  Infestor  
  146  28:28  Zerg Melee Weapons Level 1  
  146  28:45  Mutalisk  
  146  28:46  Overlord  
  148  29:04  Mutalisk  
  136  29:11  Zergling x4  
  136  29:12  Zergling x4  
  136  29:13  Zergling x4  
  136  29:14  Zergling x4  
  136  29:15  Zergling x2  
  136  29:16  Zergling x2  
  100  29:18  Roach  
  100  29:19  Roach  
  100  29:20  Roach  
  100  29:23  Roach  
  74  29:25  Queen  
  62  29:31  Zergling x2  
  62  29:32  Zergling x2, Hydralisk  
  62  29:34  Zergling x2  
  62  29:35  Zergling x2  
  62  29:36  Zergling x4  
  62  29:37  Zergling x2  
  62  29:38  Zergling x2  
  59  29:39  Zergling x4  
  59  29:41  Hatchery, Hydralisk  
  59  29:43  Drone  
  59  29:45  Queen  
  54  29:48  Roach  
  54  29:50  Zergling x2  
  58  29:54  Zergling x2  
  58  29:55  Drone  
  58  29:56  Drone x2  
  58  29:57  Zergling x2  
  58  29:58  Hydralisk  
  58  29:59  Zergling x2, Spine Crawler, Drone  
  54  30:00  Drone  
  54  30:01  Zergling x2  
  45  30:08  Roach, Queen  
  45  30:09  Drone  
  45  30:13  Zergling x2, Drone  
  44  30:14  Roach  
  44  30:20  Zergling x2, Roach  
  44  30:21  Queen  
  41  30:30  Roach  
  41  30:31  Zergling x2  
  41  30:41  Zergling x6  
  41  30:42  Zergling x4  
  43  30:46  Overseer  
  43  30:51  Zergling x2  
  43  30:53  Zergling x4  
  46  30:59  Hatchery  
  46  31:02  Zergling x2  
  46  31:03  Hydralisk  
  46  31:04  Drone  
  49  31:10  Roach, Drone x2  
  53  31:13  Drone  
  53  31:15  Drone x2  
  56  31:24  Hydralisk  
  56  31:25  Hydralisk x2  
  62  31:52  Ultralisk  
  68  32:28  Ultralisk  
  74  32:33  Baneling  
  74  32:38  Zergling x2, Baneling  
  74  32:42  Baneling  
  75  32:46  Zergling x2, Baneling  
  75  32:51  Baneling  
  76  32:55  Zergling x2, Baneling  
  77  33:01  Baneling  
  77  33:05  Zergling x2, Baneling  
  77  33:10  Baneling  
  78  33:14  Zergling x2, Baneling  
  78  33:19  Baneling  
  79  33:23  Zergling x2, Baneling  
  80  33:32  Overseer  
  80  33:38  Baneling  
  80  33:42  Baneling  
  80  33:43  Zergling x2  
  80  33:46  Baneling  
  81  33:51  Zergling x2, Baneling  
  82  33:56  Baneling  
  82  34:00  Zergling x2, Baneling  
  83  34:04  Baneling  
  83  34:09  Zergling x2, Baneling  
  84  34:14  Roach  
  86  34:19  Roach  
  86  34:23  Roach  
  90  34:28  Roach  
  92  34:32  Roach  
  92  34:37  Roach  
  96  34:41  Roach  
  98  35:18  Ultralisk  
  104  35:55  Ultralisk  
  110  36:22  Infestor  
  112  36:41  Corruptor  
  114  36:59  Corruptor  
  116  37:18  Corruptor  
  118  37:36  Corruptor  
  120  38:04  Infestor  
  122  38:32  Infestor  
  124  38:58  Infestor  
  126  39:15  Baneling  
  112  39:35  Corruptor  
  112  39:38  Queen x2  
  112  39:41  Overlord  
  109  39:47  Spine Crawler  
  109  39:49  Drone  
  107  39:53  Spawning Pool  
  107  39:54  Drone  
  107  39:56  Drone  
  107  40:01  Overlord, Drone x3  
  107  40:02  Drone x4  
  107  40:03  Drone  
  98  40:08  Drone x3  
  98  40:13  Drone x3  
  98  40:14  Drone x4  
  95  40:17  Drone x3  
  95  40:18  Drone  
  95  40:20  Overlord  
  95  40:21  Drone  
  92  40:23  Drone x2  
  92  40:25  Drone  
  92  40:26  Baneling  
  92  40:27  Drone, Baneling  
  92  40:28  Drone  
  89  40:31  Baneling  
  89  40:32  Drone x2  
  89  40:33  Drone x2  
  89  40:34  Drone  
  86  40:37  Drone  
  86  40:38  Drone x4  
  86  40:39  Drone x2  
  86  40:41  Drone  
  86  40:42  Overlord  
  67  40:43  Drone  
  67  40:44  Drone  
  67  40:47  Spawning Pool  
  67  40:49  Drone  
  47  40:52  Drone  
  47  40:55  Drone  
Show
View Real Time Build Order
Export as new Build Order

IA (Élite) Protoss 

Build Orders: Mass Adepts, Zealot Archon 

Get SALT Encoding   

  12  0:01  Probe  
  13  0:13  Probe  
  14  0:21  Pylon  
  14  0:25  Probe  
  15  0:35  Probe  
  16  0:43  Probe  
  16  0:45  Assimilator  
  17  0:50  Gateway  
  17  0:53  Probe  
  18  0:59  Pylon  
  18  1:01  Probe  
  18  1:09  Probe  
  20  1:19  Probe  
  21  1:33  Gateway  
  21  1:34  Probe  
  21  1:39  Cybernetics Core  
  24  1:40  Zealot  
  24  1:44  Pylon  
  24  1:46  Probe  
  25  1:58  Probe, Zealot  
  28  2:08  Warp Gate  
  28  2:10  Probe  
  29  2:20  Adept  
  31  2:24  Adept  
  31  2:25  Gateway  
  33  2:33  Gateway  
  33  2:49  Probe  
  33  2:50  Adept  
  33  2:51  Pylon  
  36  2:54  Adept  
  38  3:11  Adept  
  40  3:20  Adept x2  
  40  3:23  Pylon  
  40  3:24  Adept  
  46  3:36  Probe  
  47  3:41  Adept  
  47  3:48  Adept  
  49  3:50  Stalker  
  49  3:54  Stalker  
  55  3:56  Pylon  
  55  3:57  Assimilator  
  55  4:19  Stalker  
  57  4:25  Zealot  
  57  4:27  Zealot  
  61  4:31  Stalker  
  61  4:32  Pylon  
  63  4:41  Robotics Facility  
  63  4:50  Adept  
  63  4:51  Adept  
  63  4:52  Adept  
  69  4:57  Adept  
  71  5:11  Pylon  
  71  5:19  Immortal, Pylon  
  71  5:32  Stalker  
  77  5:39  Stalker  
  79  5:56  Pylon  
  79  6:00  Twilight Council  
  79  6:12  Probe  
  80  6:40  Templar Archives  
  80  6:47  Forge  
  80  6:57  Forge  
  80  7:17  High Templar  
  82  7:25  High Templar  
  84  7:40  Archon  
  84  7:47  Pylon  
  84  7:53  High Templar  
  86  8:13  Photon Cannon  
  86  8:21  High Templar  
  88  8:37  Archon  
  88  8:50  Photon Cannon, High Templar  
  90  8:57  Pylon  
  90  9:12  Gateway  
  90  9:17  High Templar  
  92  9:24  Photon Cannon  
  92  9:35  Sentry, Archon  
  94  10:04  High Templar  
  94  10:05  Gateway  
  96  10:32  High Templar  
  98  10:46  Observer  
  98  10:47  Archon  
  99  10:54  Pylon  
  99  10:55  Stalker  
  101  11:04  Stalker  
  103  11:23  Sentry  
  105  11:30  Protoss Ground Weapons Level 1  
  105  11:52  Protoss Ground Armor Level 1  
  105  12:09  Stalker  
  107  12:19  Pylon, Zealot x3  
  107  12:20  Zealot x2  
  65  12:30  Warp Prism  
  65  12:32  Zealot  
  45  12:39  Zealot, High Templar  
  45  12:40  Zealot x2  
  45  12:41  Zealot  
  54  12:52  Zealot  
  56  12:59  Zealot  
  56  13:00  Zealot  
  56  13:01  Zealot  
  56  13:05  High Templar  
  64  13:06  Warp Prism  
  66  13:36  Stargate  
  66  14:14  Void Ray  
  70  14:51  Phoenix  
  72  15:14  Void Ray  
  72  15:17  Stargate  
  76  15:49  Void Ray  
  76  15:55  Observer  
  81  16:19  Void Ray  
  85  17:03  Fleet Beacon  
  85  17:36  Tempest  
  90  18:18  Carrier  
  96  18:36  Phoenix  
  98  18:45  Stalker  
  100  18:54  Probe  
  100  18:55  Stalker  
  102  19:04  Stalker  
  104  19:13  Stalker  
  106  19:22  Stalker  
  108  19:48  Psionic Storm  
  108  20:06  Probe, Adept  
  110  20:07  Archon  
  110  20:27  Pylon  
  110  20:32  High Templar  
  112  20:59  Zealot  
  112  21:00  Zealot x2  
  112  21:01  Zealot x2  
  98  21:04  High Templar  
  33  21:20  Zealot x2  
  33  21:21  Adept, Zealot  
  33  21:22  Zealot  
  33  21:28  Zealot  
  33  21:40  Zealot  
  33  21:41  Zealot  
  31  22:00  Pylon  
  31  22:01  Zealot  
  30  22:06  Pylon  
  27  22:25  Nexus  
  26  22:40  Assimilator  
  26  23:33  Probe  
  27  23:41  Probe  
  27  23:45  Gateway  
  28  23:50  Gateway  
  28  23:51  Probe  
  28  23:53  Forge  
  29  23:58  Forge  
  29  24:34  Photon Cannon  
  29  24:38  Cybernetics Core  
  29  24:39  Zealot  
  29  24:41  Gateway  
  29  24:44  Zealot  
  32  24:53  Zealot  
  34  25:04  Zealot  
  36  25:09  Zealot  
  36  25:11  Photon Cannon  
  38  25:20  Twilight Council  
  38  25:24  Zealot  
  40  25:29  Zealot  
  40  25:35  Zealot  
  44  25:37  Gateway  
  44  25:43  Robotics Facility  
  44  25:44  Zealot  
  44  25:48  Sentry  
  48  25:50  Forge  
  48  25:55  Zealot  
  50  26:00  Photon Cannon  
  50  26:02  Templar Archives  
  50  26:03  Zealot  
  52  26:05  Adept  
  52  26:08  Pylon  
  54  26:15  Stalker  
  56  26:23  Zealot  
  56  26:25  Zealot  
  60  26:30  Gateway  
  60  26:31  Zealot  
  62  26:34  Observer  
  62  26:38  Zealot  
  65  26:41  Pylon  
  65  26:43  Zealot  
  65  26:45  High Templar  
  69  26:51  Zealot  
  67  26:58  Zealot  
  67  26:59  Zealot  
  31  27:11  Sentry  
  31  27:14  Zealot  
  31  27:15  Zealot  
  31  27:18  Zealot  
  31  27:19  Zealot  
  35  27:26  Photon Cannon  
  35  27:36  High Templar  
  35  27:37  Adept  
  33  27:39  Stalker  
  29  27:57  Zealot  
  28  28:05  Cybernetics Core  
  28  28:17  Pylon  
  27  28:23  Nexus  
  27  28:27  Assimilator  
  27  28:33  Assimilator  
  27  28:43  Pylon  
  27  29:06  Zealot  
  29  29:31  Probe  
  29  29:35  Zealot  
  29  29:38  Forge  
  32  29:39  Probe  
  33  29:49  Probe  
  33  29:52  Twilight Council  
  34  29:55  Zealot  
  34  29:56  Gateway  
  34  29:59  Forge  
  35  30:01  Probe  
  36  30:20  High Templar  
  38  30:29  Photon Cannon  
  38  30:47  High Templar  
  38  30:48  Gateway  
  40  30:51  Adept  
  42  31:02  Archon  
  42  31:12  Stalker  
  44  31:28  High Templar  
  46  31:39  Gateway  
  46  31:56  High Templar  
  48  32:05  Stalker  
  50  32:08  Pylon  
  50  32:10  Archon  
  48  32:26  Zealot  
  48  32:28  Zealot x2  
  28  32:33  Zealot  
  28  32:40  Pylon  
  28  32:44  Pylon  
  28  32:46  Zealot  
  28  32:48  Twilight Council  
  24  33:08  Zealot  
  6  33:15  Nexus  
  2  33:37  Pylon  
  1  33:50  Zealot  
  3  33:59  Nexus  
  3  34:18  Pylon  
  3  34:36  Zealot, Assimilator  
  3  34:37  Assimilator  
  5  35:06  Probe  
  5  35:10  Zealot  
  8  35:14  Probe  
  9  35:24  Probe  
  10  35:28  Gateway  
  10  35:36  Probe  
  11  35:49  Probe  
  12  36:01  Probe  
  13  36:09  Probe  
  13  36:17  Probe  
  14  36:21  Forge  
  14  36:24  Gateway  
  15  36:27  Probe  
  16  36:39  Probe  
  17  36:40  Zealot  
  17  36:49  Zealot  
  17  36:51  Probe  
  12  37:09  Zealot  
  10  37:16  Pylon  
  7  37:29  Zealot  
Show
View Real Time Build Order
Export as new Build Order

IA (Muy difícil) Terran 

Build Orders:  

Get SALT Encoding   

  12  0:01  SCV  
  13  0:13  SCV  
  14  0:19  Supply Depot  
  14  0:25  SCV  
  15  0:41  SCV  
  16  0:47  Barracks  
  16  0:53  SCV  
  17  1:05  SCV  
  18  1:16  Supply Depot  
  18  1:17  SCV  
  19  1:20  Refinery  
  19  1:29  SCV  
  20  1:34  Marine  
  21  1:41  SCV  
  22  1:52  Marine, Barracks  
  22  1:53  SCV  
  24  1:56  Refinery  
  24  2:04  Supply Depot  
  24  2:06  SCV  
  25  2:10  Marine  
  26  2:18  SCV  
  27  2:27  Factory  
  27  2:28  Marine  
  28  2:30  SCV  
  29  2:39  Marine  
  29  2:42  SCV  
  31  2:46  Marine  
  32  2:54  SCV  
  32  2:57  Marine  
  34  3:04  Marine  
  35  3:06  SCV  
  35  3:08  Barracks  
  36  3:14  Marine  
  36  3:18  SCV  
  38  3:23  Barracks Tech Lab  
  38  3:30  SCV, Starport, Factory Tech Lab  
  38  3:32  Supply Depot  
  38  3:34  Barracks Tech Lab  
  39  3:54  SCV, Marine x2  
  42  3:59  Stimpack  
  42  4:05  Combat Shield  
  42  4:06  SCV  
  42  4:08  Marine  
  44  4:12  Marine  
  45  4:18  SCV  
  45  4:30  SCV  
  46  4:42  SCV  
  46  4:45  Supply Depot  
  47  5:01  Supply Depot  
  47  5:02  Barracks Reactor  
  47  5:07  SCV, Marauder, Marine, Siege Tank  
  53  5:17  Engineering Bay  
  53  5:19  Orbital Command  
  53  5:25  Marauder  
  57  5:28  Marauder  
  57  5:29  Supply Depot  
  57  5:39  Siege Tank  
  60  5:46  Terran Infantry Weapons Level 1, Marauder  
  62  5:51  Marauder  
  64  5:58  Supply Depot  
  64  6:08  Marauder  
  66  6:11  Siege Tank  
  66  6:12  Marauder  
  71  6:22  Supply Depot  
  71  6:29  Marauder  
  73  6:33  Marauder  
  75  6:46  Supply Depot  
  75  6:51  Marauder  
  77  6:55  Marauder  
  79  7:06  Liberator  
  82  7:12  Supply Depot, Marauder  
  84  7:16  Marauder  
  86  7:33  Engineering Bay, Marauder  
  87  7:37  Marauder  
  87  7:38  Barracks  
  87  7:41  Supply Depot  
  89  7:49  Liberator  
  92  7:55  Marauder  
  94  7:59  Marauder  
  96  8:06  Supply Depot  
  96  8:16  Marauder  
  98  8:20  Marauder  
  100  8:29  Siege Tank  
  100  8:32  Liberator  
  106  8:36  Supply Depot  
  106  8:37  Marauder  
  108  8:57  Marine  
  108  8:58  Marine  
  108  9:01  Siege Tank  
  113  9:05  Supply Depot  
  112  9:17  Missile Turret  
  112  9:21  Liberator  
  115  9:41  Missile Turret  
  114  9:53  Marine  
  114  9:57  Marauder  
  115  10:04  Marine, Liberator  
  115  10:05  Marine x2  
  117  10:11  Marine  
  117  10:13  Missile Turret  
  115  10:17  Marine  
  114  10:22  Marine  
  114  10:23  Marine  
  114  10:24  Concussive Shells  
  114  10:27  Supply Depot  
  116  10:29  Marauder  
  118  10:40  Terran Infantry Armor Level 1  
  118  10:47  Viking  
  118  10:48  Barracks  
  119  11:08  Marine x2  
  119  11:09  Marine  
  119  11:10  Marine  
  119  11:11  Marine  
  124  11:18  Medivac, Supply Depot  
  126  11:26  Marine  
  126  11:28  Marine  
  126  11:32  Marine  
  128  11:36  Marine  
  128  11:40  Marine  
  129  11:48  Starport Reactor, Marine  
  129  11:49  Siege Tank  
  129  11:54  Supply Depot  
  132  12:15  Marauder  
  132  12:22  Marine  
  133  12:23  Marine x2  
  133  12:24  Marine  
  133  12:25  Marine  
  133  12:26  Medivac  
  127  12:31  Armory  
  127  12:36  Marauder  
  108  12:45  Marine x2  
  108  12:46  Marine  
  108  12:47  Marine  
  79  12:58  Marauder, Marine  
  73  13:03  Marauder  
  67  13:07  Viking  
  69  13:17  Hellion  
  69  13:19  Marauder  
  72  13:22  Viking  
  72  13:25  Marauder  
  76  13:29  Terran Vehicle Weapons Level 1  
  76  13:38  Hellion  
  76  13:40  Viking, Marauder  
  82  13:46  Marauder  
  84  13:58  Viking  
  84  14:00  Hellion  
  88  14:12  Viking  
  90  14:17  Marine  
  90  14:20  Marine  
  90  14:22  Marine  
  93  14:24  Marine  
  93  14:28  Viking  
  96  14:42  Viking  
  98  14:58  Viking  
  100  15:08  Marine x2  
  100  15:09  Marine x2  
  100  15:10  Marine  
  100  15:12  Viking  
  107  15:20  Marine  
  108  15:26  Marine  
  108  15:27  Marauder  
  111  15:28  Viking  
  111  15:30  Marine  
  111  15:31  Marine x2  
  116  15:38  Marine  
  117  15:44  Marauder  
  117  15:47  Marine  
  120  15:53  Medivac  
  120  15:54  Marine  
  120  15:56  Marine  
  124  15:58  Marine  
  124  16:00  Marine  
  126  16:05  Marauder, Marine  
  129  16:11  Marine  
  129  16:14  Marine  
  129  16:15  Medivac  
  129  16:18  Marine  
  134  16:20  Marine  
  134  16:24  Marauder  
  137  16:26  Marine  
  138  16:40  Marine  
  138  16:45  Marauder  
  138  16:46  Marauder  
  143  16:48  Supply Depot  
  143  16:56  Missile Turret  
  143  17:03  Terran Infantry Weapons Level 2  
  143  17:06  Marauder  
  145  17:09  Marauder  
  147  17:25  Terran Ship Weapons Level 1  
  147  17:48  Armory  
  147  17:59  Viking  
  147  18:02  Supply Depot  
  149  18:23  Marine  
  149  18:54  Viking  
  151  19:17  Factory  
  151  19:20  Hellion  
  151  19:23  Supply Depot  
  153  19:41  Siege Tank  
  143  20:01  Factory Tech Lab  
  143  20:05  Infernal Pre-Igniter  
  143  20:09  Factory  
  143  20:13  Hellion  
  145  20:19  Widow Mine  
  147  20:32  Terran Vehicle And Ship Armor Level 1  
  147  20:35  Widow Mine  
  149  20:40  Siege Tank  
  152  20:52  Hellion  
  152  20:56  Widow Mine  
  156  21:04  Supply Depot, Marauder  
  145  21:09  SCV  
  135  21:13  Siege Tank  
  135  21:14  Hellion  
  135  21:17  Hellion  
  140  21:35  Hellion  
  140  21:38  Siege Tank  
  141  21:45  Widow Mine  
  143  21:57  Hellion  
  145  22:06  Siege Tank  
  148  22:11  Hellion  
  150  22:18  Hellion  
  151  22:31  SCV  
  151  22:32  Hellion  
  154  22:38  Cyclone  
  154  22:39  Hellion  
  159  22:53  Cyclone  
  162  23:01  Hellion  
  164  23:33  Supply Depot  
  158  23:42  Viking  
  158  23:43  Hellion  
  158  23:46  Widow Mine  
  156  24:06  Hellion  
  156  24:49  Terran Infantry Weapons Level 3  
  156  25:21  Terran Vehicle Weapons Level 2  
  156  26:19  Starport  
  156  26:29  Marine  
  156  26:30  Marine  
  156  26:31  Marine x2  
  156  26:32  Marine  
  161  26:33  Marine  
  162  26:47  Marine  
  162  26:50  Marine x2  
  162  26:52  Marine  
  162  26:54  Marine x2  
  167  27:00  Supply Depot, Starport Tech Lab  
  157  27:05  Marine  
  157  27:06  SCV  
  157  27:07  Marine  
  159  27:09  Marine  
  159  27:10  Marine  
  159  27:13  Marine  
  162  27:18  Raven  
  164  27:23  Marauder  
  164  27:26  Marauder  
  168  27:33  Terran Ship Weapons Level 2  
  168  27:35  Terran Infantry Armor Level 2  
  168  27:45  Marauder  
  170  28:01  Raven  
  172  29:08  Marauder, Thor x2  
  175  29:11  Marine  
  175  29:12  Marine  
  175  29:13  Marine x2  
  175  29:14  Marine  
  113  29:18  Viking  
  110  29:28  Marine  
  110  29:29  Marine  
  110  29:30  Marine x2  
  110  29:31  Viking, Hellion, Marine  
  110  29:32  Marine  
  100  29:46  Marine  
  100  29:47  Marine  
  100  29:48  Marine x2  
  100  29:49  Marine  
  94  29:57  Hellion  
  94  29:58  SCV, Hellion  
  75  30:05  Marauder  
  75  30:06  Marine x2  
  29  30:15  Missile Turret  
Tags
 
Add a new tag
Caveats
  • Supply blocks, unpowered buildings, or Contaminate may cause inaccurate times.
  • Supply counts are checked every 10 seconds.